[Event "39 Open Internacional de San Sebastian [Fide Code Event 127615]"]
[Site "Donostia - San Sebastian"]
[Date "2016.03.26"]
[Round "9"]
[White "PRIETO ARANGUREN, Alain"]
[Black "PAUNOVIC, Dragan"]
[Result "0-1"]
[BlackElo "2427"]
[ECO "E62"]
[Opening "King's Indian"]
[Variation "Fianchetto, 6...c6 7.O-O"]
[WhiteElo "2251"]
[TimeControl "420+3"]
[Termination "normal"]
[PlyCount "122"]
[WhiteType "human"]
[BlackType "human"]

1. d4 d6 2. Nf3 g6 3. g3 Nf6 4. Bg2 Bg7 5. O-O O-O 6. c4 c6 7. Nc3 Qb6 8.
b3 Qa5 9. Bd2 Qh5 10. Re1 e5 11. dxe5 dxe5 12. Qc2 Na6 13. Ng5 h6 14. Nge4
Bf5 15. Nxf6+ Bxf6 16. Ne4 Bg7 17. Bf3 Qh3 18. Bg2 Qg4 19. Bf3 Bxe4 20.
Bxe4 Rfd8 21. Bc3 Nc5 22. Bg2 Ne6 23. Rad1 Rxd1 24. Rxd1 Nd4 25. Bxd4 exd4
26. Qe4 Qxe4 27. Bxe4 a5 28. Bf3 Kf8 29. Rd3 Ke7 30. e3 Rd8 31. exd4 Rxd4
32. Rxd4 Bxd4 33. Bd1 Kd6 34. Kf1 Kc5 35. a4 Kb4 36. Ke2 Kc3 37. f3 h5 38.
h3 Bc5 39. g4 h4 40. f4 f6 41. Ke1 f5 42. gxf5 gxf5 43. Ke2 Bd4 44. Kf1 Be3
45. Ke2 Bxf4 46. c5 Bd2 47. Kf3 Kb2 48. Kf2 Bf4 49. Kf3 Bg3 50. Ke3 Kc3 51.
Kf3 Kd3 52. Be2+ Kd4 53. Bc4 Kxc5 54. Be6 Kb4 55. Ke2 f4 56. Bc8 b5 57.
axb5 cxb5 58. Be6 Kc3 59. Bd7 Kxb3 60. Bxb5 a4 61. Kd2 f3 0-1

[Event "39 Open Internacional de San Sebastian [Fide Code Event 127615]"]
[Site "Donostia - San Sebastian"]
[Date "2016.03.26"]
[Round "9"]
[White "HUERGA LEACHE, Mikel"]
[Black "MORETO QUINTANA, Alex"]
[Result "1-0"]
[BlackElo "2061"]
[ECO "D11"]
[Opening "Slav"]
[Variation "4.Qc2"]
[WhiteElo "2450"]
[TimeControl "420+3"]
[Termination "normal"]
[PlyCount "61"]
[WhiteType "human"]
[BlackType "human"]

1. d4 d5 2. c4 c6 3. Nf3 Nf6 4. Qc2 g6 5. e3 Bg7 6. Bd3 O-O 7. O-O Na6 8.
a3 c5 9. cxd5 cxd4 10. e4 e6 11. d6 Ng4 12. e5 Nxe5 13. Nxe5 Bxe5 14. Bxa6
bxa6 15. Qe4 Bxd6 16. Qxa8 Qb6 17. Qf3 Bb7 18. Qf6 Qc6 19. f3 Qc7 20. Bh6
Bxh2+ 21. Kh1 Be5 22. Qh4 Rd8 23. Bg5 Rd5 24. Nd2 h6 25. Rac1 Qb8 26. Be7
Bf4 27. Ne4 Kh8 28. Bd6 Qxd6 29. Nxd6 Bxd6 30. Qxh6+ Kg8 31. g4 1-0

[Event "39 Open Internacional de San Sebastian [Fide Code Event 127615]"]
[Site "Donostia - San Sebastian"]
[Date "2016.03.26"]
[Round "9"]
[White "CAMARENA GIMENEZ, Rufino"]
[Black "PLANAS GENE, Juan"]
[Result "1-0"]
[BlackElo "2009"]
[ECO "E93"]
[Opening "King's Indian"]
[Variation "Petrosian, Main Line, 8.Bg5 h6 9.Bh4 g5"]
[WhiteElo "2424"]
[TimeControl "420+3"]
[Termination "normal"]
[PlyCount "81"]
[WhiteType "human"]
[BlackType "human"]

1. d4 Nf6 2. c4 g6 3. Nc3 Bg7 4. e4 d6 5. Nf3 O-O 6. Be2 e5 7. d5 Nbd7 8.
Bg5 h6 9. Bh4 g5 10. Bg3 Nh5 11. Nd2 Nf4 12. O-O a5 13. Bg4 Nc5 14. h3 f5
15. exf5 Bxf5 16. Bxf5 Rxf5 17. Nde4 Ncd3 18. Bxf4 Nxf4 19. Re1 Qd7 20. c5
Raf8 21. cxd6 cxd6 22. Re3 R5f7 23. a4 Bf6 24. Nb5 Be7 25. Rc1 Rg7 26. Rc7
Qf5 27. Nbxd6 Bxd6 28. Rxg7+ Kxg7 29. Nxd6 Qd7 30. Nc4 Qxd5 31. Qxd5 Nxd5
32. Rxe5 Rd8 33. Nxa5 b6 34. Nc4 Kf6 35. g3 Rd7 36. b3 Rd8 37. Kg2 Rd7 38.
Kf3 Rd8 39. Re1 Rc8 40. Rd1 Rc5 41. Nxb6 1-0

[Event "39 Open Internacional de San Sebastian [Fide Code Event 127615]"]
[Site "Donostia - San Sebastian"]
[Date "2016.03.26"]
[Round "9"]
[White "LORENZO DURAN, Marcos"]
[Black "POGORELOV, Ruslan"]
[Result "0-1"]
[BlackElo "2347"]
[ECO "E46"]
[Opening "Nimzo-Indian"]
[Variation "Reshevsky, 6.a3 Be7 7.cxd5 exd5"]
[WhiteElo "2121"]
[TimeControl "420+3"]
[Termination "normal"]
[PlyCount "64"]
[WhiteType "human"]
[BlackType "human"]

1. d4 Nf6 2. c4 e6 3. Nc3 Bb4 4. e3 O-O 5. Ne2 d5 6. a3 Be7 7. cxd5 exd5 8.
Nf4 c6 9. Bd3 Re8 10. O-O Nbd7 11. b4 Bd6 12. f3 Nf8 13. Nfe2 Bc7 14. g4
Qd6 15. Ng3 h5 16. g5 h4 17. gxf6 hxg3 18. fxg7 g2 19. gxf8=Q+ Kxf8 20. f4
gxf1=Q+ 21. Qxf1 Qf6 22. Ra2 Bf5 23. Bxf5 Qxf5 24. b5 Ke7 25. a4 Rg8+ 26.
Kh1 Rg6 27. bxc6 bxc6 28. Ba3+ Kd7 29. e4 dxe4 30. d5 Rag8 31. dxc6+ Ke8
32. a5 Qh3 0-1

[Event "39 Open Internacional de San Sebastian [Fide Code Event 127615]"]
[Site "Donostia - San Sebastian"]
[Date "2016.03.26"]
[Round "9"]
[White "AOUT, Sebastien"]
[Black "SCHOLZEN, Wolfgang"]
[Result "0-1"]
[BlackElo "2065"]
[ECO "A26"]
[Opening "English"]
[Variation "Botvinnik System, 6...Nf6 7.Nge2 O-O 8.O-O"]
[WhiteElo "2258"]
[TimeControl "420+3"]
[Termination "normal"]
[PlyCount "56"]
[WhiteType "human"]
[BlackType "human"]

1. c4 Nf6 2. Nc3 g6 3. g3 Bg7 4. Bg2 O-O 5. e4 d6 6. Nge2 e5 7. O-O Nc6 8.
d3 Nd4 9. Nxd4 exd4 10. Ne2 c5 11. h3 Rb8 12. a4 b6 13. f4 Nd7 14. g4 Bb7
15. Ng3 a6 16. g5 f6 17. h4 Qe7 18. Bd2 fxg5 19. hxg5 h6 20. gxh6 Bxh6 21.
Qg4 Kh7 22. f5 Bxd2 23. Qxg6+ Kh8 24. Kf2 Be3+ 25. Ke2 Qg7 26. Rh1+ Kg8 27.
Qxd6 Rf6 28. Qc7 Rc6 0-1

[Event "39 Open Internacional de San Sebastian [Fide Code Event 127615]"]
[Site "Donostia - San Sebastian"]
[Date "2016.03.26"]
[Round "9"]
[White "MERCADO LARREA, Adrian"]
[Black "PEREZ PACHECO, Ricardo"]
[Result "0-1"]
[BlackElo "2141"]
[ECO "B25"]
[Opening "Sicilian"]
[Variation "Closed, 6.f4 e6 7.Nf3 Nge7 8.O-O O-O 9.Be3 b6"]
[WhiteElo "2007"]
[TimeControl "420+3"]
[Termination "normal"]
[PlyCount "81"]
[WhiteType "human"]
[BlackType "human"]

1. e4 c5 2. Nc3 Nc6 3. g3 g6 4. Bg2 Bg7 5. d3 d6 6. f4 e6 7. Nf3 Nge7 8.
O-O O-O 9. Be3 b6 10. d4 Ba6 11. Rf2 Rc8 12. a4 Na5 13. Nb5 Nc4 14. Qc1 Bb7
15. Bf1 Nxe3 16. Qxe3 a6 17. Nc3 Qc7 18. Rd2 Rfd8 19. g4 cxd4 20. Nxd4 Nc6
21. Nce2 Nxd4 22. Nxd4 Qc5 23. c3 e5 24. Nc2 exf4 25. Qxc5 dxc5 26. Rad1
Bf6 27. Bg2 Rxd2 28. Rxd2 Rd8 29. Rxd8+ Bxd8 30. Na3 Bc6 31. b3 b5 32. axb5
axb5 33. c4 b4 34. Nb5 Kf8 35. Kf2 Ke7 36. Bf3 Ke6 37. Ke2 Ke5 38. Kd3 f5
39. gxf5 gxf5 40. Na7 fxe4+ 0-1

[Event "39 Open Internacional de San Sebastian [Fide Code Event 127615]"]
[Site "Donostia - San Sebastian"]
[Date "2016.03.26"]
[Round "9"]
[White "GUILLO LONGARES, Cecilia"]
[Black "BUIZA PRIETO, Eihartze"]
[Result "0-1"]
[BlackElo "2110"]
[ECO "A58"]
[Opening "Benko Gambit"]
[Variation "Fianchetto, Main Line, 11.Re1"]
[WhiteElo "1887"]
[TimeControl "420+3"]
[Termination "normal"]
[PlyCount "66"]
[WhiteType "human"]
[BlackType "human"]

1. d4 Nf6 2. c4 c5 3. d5 b5 4. cxb5 a6 5. bxa6 g6 6. g3 Bg7 7. Bg2 d6 8.
Nc3 Bxa6 9. Nf3 Nbd7 10. O-O O-O 11. Re1 Ra7 12. e4 Ng4 13. Bf4 Qa5 14. Qd2
Rb8 15. h3 Nge5 16. Nxe5 Nxe5 17. Bxe5 Bxe5 18. f4 Bd4+ 19. Kh2 Rab7 20. b4
Rxb4 21. Rab1 Qa3 22. Rxb4 Rxb4 23. Nb1 Qb2 24. Qxb2 Rxb2 25. e5 Bd3 26.
exd6 exd6 27. Na3 Rxa2 28. Nb1 Rb2 29. Na3 Kg7 30. Rc1 Be4 31. Nc2 Rxc2 32.
Rxc2 Bxc2 33. Bf3 Bd3 0-1